Map: Ascension to Aiur LE

Players

Serral - Winner!

  • Race: Zerg Zerg
  • League: Master
  • Spawn Location: 11:00

SortOf

  • Race: Zerg Zerg
  • League: Master
  • Spawn Location: 5:00

Event: HomeStory Cup XV

VOD

Have the link to the VOD?

Description

Time

  • Played on: July 22, 2017, 8:56 a.m.
  • Length: 7:47

All games in this series

Show
View Real Time Build Order
Export as new Build Order

Serral Zerg - Winner!

Build Orders: Hatch First, Zergling Baneling 

Get SALT Encoding   

  12  0:00  Drone  
  13  0:13  Overlord  
  13  0:18  Drone  
  14  0:31  Drone x2  
  16  0:36  Drone  
  17  0:51  Hatchery  
  17  0:55  Drone  
  17  0:58  Drone  
  18  1:09  Extractor  
  17  1:12  Spawning Pool  
  17  1:16  Drone  
  17  1:19  Drone  
  18  1:28  Drone  
  19  1:39  Overlord  
  19  1:59  Queen  
  19  2:00  Zergling x2  
  19  2:01  Zergling x2  
  23  2:03  Queen, Zergling x2  
  26  2:09  Metabolic Boost  
  26  2:11  Drone  
  26  2:14  Drone  
  28  2:23  Drone  
  28  2:24  Drone  
  30  2:30  Baneling Nest  
  30  2:33  Drone  
  30  2:36  Drone  
  31  2:45  Drone  
  32  2:55  Hatchery  
  32  2:58  Overlord  
  31  2:59  Drone  
  31  3:02  Drone  
  33  3:06  Drone  
  33  3:07  Drone  
  33  3:09  Drone  
  36  3:13  Overlord  
  36  3:16  Drone  
  36  3:18  Drone  
  38  3:20  Drone  
  38  3:22  Drone  
  38  3:24  Drone  
  41  3:27  Zergling x2  
  41  3:28  Baneling x2  
  41  3:31  Zergling x2  
  43  3:39  Queen  
  44  3:42  Zergling x6  
  44  3:47  Queen  
  48  3:51  Overlord  
  48  3:54  Baneling x2  
  47  3:59  Zergling x8  
  50  4:07  Zergling x4  
  50  4:16  Zergling x10  
  53  4:19  Zergling x8  
  53  4:21  Baneling x2  
  54  4:24  Zergling x4  
  53  4:31  Queen  
  53  4:35  Roach Warren, Drone  
  55  4:39  Zergling x2  
  55  4:40  Drone x2  
  55  4:42  Drone  
  55  4:45  Drone  
  60  4:49  Drone x3  
  60  4:51  Drone  
  64  4:53  Extractor x2, Baneling  
  64  4:55  Baneling  
  64  4:58  Drone x2  
  64  5:05  Overlord  
  64  5:07  Baneling x2, Drone  
  63  5:15  Overlord  
  63  5:19  Drone x4  
  65  5:21  Overlord  
  65  5:32  Roach  
  65  5:33  Roach  
  65  5:35  Roach x3  
  72  5:38  Roach  
  68  5:43  Roach  
  68  5:44  Roach  
  68  5:45  Roach  
  68  5:49  Baneling x2  
  74  5:51  Roach x2  
  74  5:52  Roach x2  
  82  5:57  Roach x2  
  86  6:06  Roach  
  86  6:08  Roach  
  88  6:12  Overlord  
  88  6:13  Zergling x2  
  88  6:14  Zergling x2  
  90  6:18  Overlord  
  90  6:19  Overlord x2  
  90  6:25  Evolution Chamber  
  89  6:29  Overlord  
  89  6:32  Zergling x18  
  98  6:37  Overlord  
  98  6:40  Zergling x4  
  98  6:44  Zergling x2  
  98  6:45  Ravager  
  98  6:46  Ravager x3  
  105  6:48  Zergling x8  
  105  6:50  Ravager  
  110  6:54  Zergling x6  
  110  6:55  Zergling x8  
  117  7:07  Zergling x2  
  117  7:08  Zergling x6  
  120  7:21  Ravager  
  115  7:27  Zergling x16  
  115  7:28  Zergling x2  
Show
View Real Time Build Order
Export as new Build Order

SortOf Zerg 

Build Orders: Hatch First, Zergling Baneling 

Get SALT Encoding   

  12  0:01  Drone  
  13  0:13  Overlord  
  13  0:17  Drone  
  14  0:31  Drone x2  
  14  0:35  Drone  
  17  0:51  Hatchery  
  17  0:55  Drone  
  17  0:58  Drone  
  18  1:08  Extractor  
  17  1:13  Spawning Pool  
  17  1:16  Drone  
  17  1:19  Drone  
  18  1:28  Drone  
  19  1:38  Overlord  
  19  2:00  Queen  
  21  2:01  Zergling x4  
  21  2:03  Queen  
  21  2:04  Zergling x2  
  21  2:07  Metabolic Boost  
  26  2:12  Drone  
  26  2:15  Drone  
  28  2:26  Drone x2  
  28  2:29  Baneling Nest  
  29  2:35  Drone  
  30  2:42  Zergling x2  
  31  2:47  Drone  
  32  2:56  Hatchery, Zergling x2  
  32  3:00  Overlord  
  32  3:03  Drone  
  33  3:07  Zergling x2  
  33  3:09  Zergling x2  
  35  3:13  Baneling x2  
  35  3:15  Zergling x2  
  35  3:18  Overlord  
  36  3:23  Zergling x4  
  36  3:26  Zergling x2  
  39  3:28  Zergling x2  
  39  3:30  Drone  
  41  3:36  Drone x2  
  41  3:40  Zergling x4  
  45  3:42  Baneling  
  45  3:44  Baneling  
  45  3:46  Drone  
  46  3:55  Drone x2  
  46  4:00  Drone  
  46  4:05  Drone  
  46  4:08  Drone  
  46  4:13  Drone x2  
  46  4:16  Zergling x4  
  48  4:17  Queen  
  48  4:20  Drone  
  48  4:21  Drone  
  50  4:27  Drone  
  50  4:28  Drone  
  49  4:34  Baneling x2  
  49  4:35  Extractor, Lair, Roach Warren  
  49  4:36  Evolution Chamber  
  46  4:39  Zergling x2  
  46  4:40  Zergling x4  
  49  4:45  Baneling  
  49  4:47  Zergling x4  
  51  4:53  Zergling x2  
  51  4:54  Zergling x2, Overlord  
  51  4:55  Drone x3  
  51  4:58  Baneling  
  53  5:17  Zergling x2  
  53  5:18  Zergling x12  
  58  5:21  Drone  
  58  5:24  Drone  
  58  5:25  Drone  
  59  5:31  Zergling x4, Drone  
  59  5:32  Drone x2  
  54  5:37  Drone x2  
  54  5:40  Drone x4  
  54  5:42  Zerg Missile Weapons Level 1  
  48  5:43  Glial Reconstitution  
  48  5:48  Zergling x2  
  49  5:52  Drone x2  
  49  5:55  Drone x2  
  49  5:56  Drone  
  52  6:02  Drone x2  
  52  6:03  Extractor  
  53  6:04  Drone  
  53  6:05  Drone  
  53  6:06  Overlord  
  53  6:08  Drone x2  
  58  6:19  Roach x2  
  58  6:23  Roach  
  58  6:25  Roach  
  66  6:28  Overlord  
  66  6:32  Overlord  
  66  6:39  Roach  
  65  6:43  Overlord  
  65  6:46  Overlord  
  65  6:47  Roach x3  
  65  6:48  Roach  
  65  6:52  Roach x3  
  81  6:57  Overlord  
  81  6:59  Baneling x5  
  81  7:03  Roach x2  
  83  7:11  Roach x3  
  91  7:22  Roach  
Tags
 
Add a new tag
Caveats
  • Supply blocks, unpowered buildings, or Contaminate may cause inaccurate times.
  • Supply counts are checked every 10 seconds.